 Dungeon Crawl Stone Soup version 0.31-a0-1204-ge2c1a860ed (webtiles) character file.

Game seed: 8643881548432137867

153 lunkers the Insei (level 5, 0/40 HPs)
             Began as a Meteoran Shapeshifter on Dec 12, 2023.
             Slain by a kobold brigand
             ... wielding a +0 whip
              (2 damage)
             ... in a sewer.
             The game lasted 00:02:16 (1042 turns).

lunkers the Insei (Meteoran Shapeshifter)           Turns: 1042, Time: 00:02:16

Health: 0/40       AC:  4    Str: 15    XL:     5   Next: 93%
Magic:  6/6        EV: 12    Int: 11    God:
Gold:   113        SH:  0    Dex: 18    Spells: 4/4 levels left

rFire   + .          .
                       - Unarmed
rCold   + . .        (no shield)
rNeg    . . .        e - +2 robe {rC+}
rPois   .            (helmet currently unavailable)
rElec   .            (cloak currently unavailable)
rCorr   .            (gloves currently unavailable)
SInv    .            (boots currently unavailable)
Will    .....        (no amulet)
Stlth   +            f - ring "Piffeomegh" {rF+ Dex+2}
HPRegen 0.26/turn    (no ring)
MPRegen 0.10/turn

%: no passive effects
@: lethally poisoned (0 -> -5), beast-form, hasted, glowing, very quick
A: beast (slay +2), sense surroundings 1, otherworldly, glowing, explore regen
a: Begin Untransformation


You were in a sewer.
You were a hulking beast.
You visited 1 branch of the dungeon, and saw 3 of its levels.
You also visited: Sewer.

You collected 113 gold pieces.

Inventory:

Armour
 a - a +0 animal skin
 e - a +2 robe of cold resistance (worn)
Jewellery
 f - the ring "Piffeomegh" (left hand) {rF+ Dex+2}
   (You found it on level 2 of the Dungeon)

   [ring of protection from fire]

   Dex+2:     It affects your dexterity (+2).
   rF+:       It protects you from fire.
 i - a ring of protection from cold
Talismans
 c - a beast talisman
 d - a flux talisman
Scrolls
 b - a scroll of teleportation {unknown}
 g - 2 scrolls of identify {unknown}


   Skills:
 - Level 1.1 Fighting
 - Level 2.1 Dodging
 * Level 6.1 Unarmed Combat
 + Level 4.8 Shapeshifting


You had 4 spell levels left.
You didn't know any spells.
Your spell library was empty.

Dungeon Overview and Level Annotations

Branches:
Dungeon (3/15) Zot: 822     Sewer (1/1) Zot: 516

Altars:

Shops:
D:2 ((=!

Annotations:
D:3 3 runed translucent doors, Cadnt's ghost, amateur BaFi; hikkokomori's ghost, amateur GrEE; pigah's ghost, weakling OpSh


Innate Abilities, Weirdness & Mutations

You are a hulking beast.
Your limbs bulge with bestial killing power. (Slay +2)
You passively map a small area around you.
You are easily found by Zot.
You glow in the dark.
You regain HP and MP as you explore.


Message History

You feel sick.
The kobold brigand throws a poisoned dart.
The poisoned dart hits you!
You are more poisoned.
The kobold hits you but does no damage.
You hit the kobold.
You kill the kobold!
You hear a splash.
You feel very sick.
You are too injured to fight recklessly!
You are too injured to fight recklessly!
You are too injured to fight recklessly!
You are too injured to fight recklessly!
You are too injured to fight recklessly!
You are too injured to fight recklessly!
You are too injured to fight recklessly!
You are too injured to fight recklessly!
Unknown command.
You feel very sick.
The kobold brigand splashes around in the water.
You see here a +0 short sword.
Unknown command.
You hit the kobold brigand.
The kobold brigand is lightly wounded.
You feel sick.
The kobold brigand hits you with a +0 whip.
* * * LOW HITPOINT WARNING * * *
You hit the kobold brigand but do no damage.
The kobold brigand is lightly wounded.
You feel sick.
It was a potion of haste.
You feel yourself speed up.
You feel sick.
The kobold brigand hits you with a +0 whip!
* * * LOW HITPOINT WARNING * * *
Unknown command.
You hit the kobold brigand. Your punch misses the kobold brigand.
The kobold brigand is lightly wounded.
* * * LOW HITPOINT WARNING * * *
You feel sick.
The kobold brigand hits you with a +0 whip.
You die...

#.~≈~.# ##.~≈~~##
################~.~≈~~.#
~~~~~~~~~~~~~~~~~~~≈~~.#
################.~~≈~.~#
#~.~≈~..# #~~~≈~~.#
#~~≈≈≈~.# #h~≈≈≈~~#
#)K≈≈≈~~# #..~~~..#
#.~.....# ####.#### .. *
, , ... * ~ ...#* ,


You could see a kobold brigand.

Vanquished Creatures
  Terence (D:2)
  3 adders
  5 river rats
  A worm (D:2)
  A dart slug (D:2)
  4 endoplasms
  5 giant cockroaches
  3 goblins
  3 hobgoblins
  4 jackals (D:1)
  4 quokkas
  2 ball pythons (D:1)
  4 bats
  A frilled lizard (D:1)
  7 kobolds
  3 rats
51 creatures vanquished.

Notes
Turn   | Place    | Note
-------+----------+-------------------------------------------
     0 | D:1      | lunkers the Meteoran Shapeshifter began the quest for the
                  | Orb.
     0 | D:1      | Reached XP level 1. HP: 16/16 MP: 2/2
     2 | D:1      | Noticed a troll
     2 | D:1      | Noticed a vine stalker
     4 | D:1      | Noticed a minotaur
     4 | D:1      | Noticed a naga
     6 | D:1      | Noticed an elf
     6 | D:1      | Noticed a draconian
     8 | D:1      | Noticed a felid
    10 | D:1      | Noticed an octopode
    10 | D:1      | Noticed a human
    12 | D:1      | Noticed an ogre
    14 | D:1      | Noticed an armataur
    14 | D:1      | Noticed a spriggan
    16 | D:1      | Noticed a merfolk
    18 | D:1      | Noticed a meteoran
    18 | D:1      | Noticed a gargoyle
    20 | D:1      | Noticed a vampire
    20 | D:1      | Noticed a ghoul
    22 | D:1      | Noticed a demigod
    22 | D:1      | Noticed a tengu
    24 | D:1      | Noticed a tengu
    24 | D:1      | Noticed a formicid
    26 | D:1      | Noticed a troll
    26 | D:1      | Noticed a tengu
    50 | D:1      | Reached XP level 2. HP: 19/23 MP: 3/3
   115 | D:1      | Reached skill level 4 in Unarmed Combat
   214 | D:1      | Reached XP level 3. HP: 19/28 MP: 4/4
   324 | D:2      | Identified the ring "Piffeomegh" {rF+ Dex+2}
   333 | D:2      | Found Gedinlixyi's Antique Weapon Emporium.
   359 | D:2      | Found Zuah's Jewellery Emporium.
   436 | D:2      | Noticed Terence
   457 | D:2      | Killed Terence
   458 | D:2      | Reached skill level 5 in Unarmed Combat
   458 | D:2      | Reached XP level 4. HP: 25/35 MP: 5/5
   495 | D:2      | Found Voeclarph's Distillery.
   552 | D:2      | Reached XP level 5. HP: 34/40 MP: 6/6
   587 | D:2      | Found Narr's Antique Weapon Boutique.
   872 | D:3      | Found a runed translucent gate.
   872 | D:3      | Found a runed translucent gate.
   872 | D:3      | Found a runed translucent gate.
   873 | D:3      | Noticed pigah's ghost (weakling OpSh)
   873 | D:3      | Noticed hikkokomori's ghost (amateur GrEE)
   873 | D:3      | Noticed Cadnt's ghost (amateur BaFi)
   968 | D:3      | Found a glowing drain.
   970 | D:3      | Reached skill level 6 in Unarmed Combat
   973 | Sewer    | Entered a sewer
  1029 | Sewer    | Noticed a kobold brigand
  1042 | Sewer    | HP: 2/40 [poisoned by a kobold brigand]
  1042 | Sewer    | Slain by a kobold brigand

Illustrated notes

Levels and vault maps discovered:
D:1:      kb_arrival_jail, layout_rooms
D:2:      layout_loops_cross, serial_shops, nicolae_shop_tiny_statue_garden,
          nicolae_shop_competitors_out_of_business, shop_fountains, shop, shop,
          uniq_terence
D:3:      layout_basic, lemuel_tele_altar, serial_shops, shop,
          gup_sewer_entry_spiral, gammafunk_ghost_cemetery,
          dilly_ecumenical_altar_fadedgnrine, uniq_crazy_yiuf_cottage
Sewer:    sewer_kobolds

Skill      XL: |  1  2  3  4  5 |
---------------+----------------+-----
Unarmed Combat | 4 5 6 |  6.1
Shapeshifting  | 4 |  4.8
Fighting       | |  1.1
Dodging        | |  2.1

Action                     |  1- 3 |  4- 6 || total
---------------------------+-------+-------++-------
  Melee: Unarmed           |    88 |    72 ||   160
         Punch             |       |     1 ||     1
    Use: Potion            |     1 |     1 ||     2
   Stab: Distracted        |       |     1 ||     1
 Armour: Animal skin       |     5 |       ||     5
         Robe              |    36 |    32 ||    68
         Skin              |    10 |     2 ||    12
  Dodge: Dodged            |    60 |    28 ||    88

Table legend: (Time is in decaauts)
 A = Elapsed time spent in this place.
 B = Non-inter-level travel time spent in this place.
 C = Inter-level travel time spent in this place.
 D = Time resting spent in this place.
 E = Time spent auto-exploring this place.
 F = Levels seen in this place.
 G = Mean time per level.
                   A        B        C        D        E       F      G
               +--------+--------+--------+--------+--------+-----+--------+
         Total |   1060 |   1026 |     34 |      6 |    626 |   4 |  265.0 |
       Dungeon |    978 |    944 |     34 |      6 |    567 |   3 |  326.0 |
         Sewer |     82 |     82 |      0 |      0 |     59 |   1 |   82.0 |
               +--------+--------+--------+--------+--------+-----+--------+

Top non-repeatable levels by time:
     D:2: 491 daAuts
     D:1: 305 daAuts
     D:3: 181 daAuts
   Sewer: 82 daAuts
